 Dungeon Crawl Stone Soup version 0.17-a0-1510-gb3fb22e (console) character file.

246 utis the Poker (level 6, -7/37 HPs)
             Began as a Tengu Fighter on July 11, 2015.
             Was an Initiate of Vehumet.
             Killed by divine providence
             ... invoked by an orc priest
              (10 damage)
             ... on level 4 of the Dungeon.
             The game lasted 00:11:42 (4686 turns).

utis the Poker (Tengu Fighter)                      Turns: 4686, Time: 00:11:43

Health: -7/37      AC:  9    Str: 16    XL:     6   Next: 11%
Magic:  7/7        EV:  5    Int: 10    God:    Vehumet [......]
Gold:   114        SH:  9    Dex: 14    Spells: 0 memorised, 5 levels left

rFire  . . .     SeeInvis .     a - +0 trident
rCold  . . .     Clarity  .     n - +0 chain mail
rNeg   . . .     SustAt   .     c - +0 shield
rPois  .         Gourm    .     (helmet restricted)
rElec  .         Spirit   .     (no cloak)
rCorr  .         Warding  .     (no gloves)
rMut   .         Stasis   .     (boots unavailable)
MR     .....                    (no amulet)
Stlth  ..........               (no ring)
                                (no ring)

@: not resistant to hostile enchantments, extremely unstealthy
A: beak, talons 3, able to fly 1
a: Fly, Renounce Religion


You were on level 4 of the Dungeon.
You worshipped Vehumet.
Vehumet was noncommittal.
You were not hungry.

You visited 1 branch of the dungeon, and saw 4 of its levels.

You collected 114 gold pieces.

Inventory:

Hand weapons
 a - a +0 trident (weapon)
Missiles
 g - 22 stones (quivered)
 o - 9 sling bullets
 p - 6 javelins of penetration {=f}
Armour
 b - a +0 scale mail
 c - a +0 shield (worn)
 n - a +0 chain mail (worn)
 t - a +0 plate armour
Scrolls
 h - a scroll of enchant armour {unknown}
 m - a scroll of blinking {unknown}
 s - 2 scrolls of remove curse
 u - a scroll of teleportation {unknown}
 v - a scroll of noise {unknown}
 w - a scroll of identify {unknown}
 y - a scroll of fog {unknown}
Potions
 d - a potion of might
 f - 2 potions of curing {unknown}
 i - a potion of heal wounds {unknown}
 j - 4 potions of brilliance {unknown}
 k - a potion of flight {unknown}
 r - a potion of agility {unknown}
Comestibles
 e - 2 bread rations
 l - a fruit
 q - 3 slices of pizza
 x - a meat ration
 z - a beef jerky
 A - 3 chunks of flesh


   Skills:
 - Level 3.0 Fighting
 - Level 5.1 Polearms
 + Level 4.5 Armour
 + Level 2.9 Dodging
 - Level 3.0 Shields


You had 5 spell levels left.
You didn't know any spells.

Dungeon Overview and Level Annotations

Branches:
Dungeon (4/15)
 Temple: D:4-7

Altars:
Cheibriados
Vehumet

Shops:
D:4 :


Innate Abilities, Weirdness & Mutations

You have a beak for a mouth.
You have claws for feet.
You can fly.


Message History

You claw the orc priest, but do no damage.
The orc priest is almost dead.
You block the orc wizard's attack.
The orc priest hits you but does no damage.
You block the orc wizard's attack.
You hit the orc priest but do no damage.
The orc priest is almost dead.
The orc wizard gestures at you while chanting.
The puff of flame hits you!
* * * LOW HITPOINT WARNING * * *
The orc priest hits you but does no damage.
You hit the orc priest but do no damage.
Your kick misses the orc priest.
The orc priest is almost dead.
The orc wizard points at you and mumbles some strange words.
The magic dart hits you!
* * * LOW HITPOINT WARNING * * *
The orc priest mumbles some strange prayers to Beogh against you.
Something smites you!
You die...

▓▓............▓▓
▓.....▓
▓▓▓▓▓▓▓.....>▓▓
▓▓▓.▓...▓ ▓▓▓▓▓...▓
▓..∩....▓ ▓▓..▓
▓.▓.▓.▓▓▓ ▓..▓
▓.....▓ ▓..▓▓ ▓.?.▓.▓
▓...▓ ▓▓..▓▓.▓
▓<..▓▓▓▓..▓▓▓.▓
▓▓▓▓Q..▓▓....▓ ▓.▓
▓▓▓▓..oo........▓ ▓.▓
▓▓▓▓.......▓▓....▓.▓
▓.▓
▓▓....▓▓▓▓▓.▓▓▓...▓.▓
▓.▓ ▓▓..▓▓▓▓ ▓.▓
▓.)...▓▓▓.▓▓▓▓ ▓.▓▓▓
▓.▓ ▓▓.....▓.....▓
▓▓.▓ ▓.▓
▓...........▓ ▓.▓▓
▓.▓ ▓▓.....▓.▓▓▓▓
▓.▓▓ ▓.▓ ▓▓..▓▓▓.▓


You could see an orc priest and an orc wizard.

Vanquished Creatures
  An orc priest (D:3)
  A worker ant (D:4)
  A giant frog skeleton (D:4)
  A hound (D:4)
  Jessica (D:2)
  3 adders
  An ooze (D:1)
  A worm (D:1)
  2 giant geckos
  4 orcs
  9 bats
  7 goblins
  9 hobgoblins
  4 jackals (D:3)
  6 kobolds
  3 quokkas
  3 ball pythons
  3 giant cockroaches
  5 giant newts
  5 rats
  A plant (D:1)
71 creatures vanquished.

Notes
Turn   | Place    | Note
--------------------------------------------------------------
     0 | D:1      | utis the Tengu Fighter began the quest for the Orb.
     0 | D:1      | Reached XP level 1. HP: 14/14 MP: 2/2
   290 | D:1      | Reached XP level 2. HP: 19/19 MP: 3/3
  1166 | D:2      | Reached XP level 3. HP: 23/23 MP: 4/4
  1259 | D:2      | Noticed Jessica
  1383 | D:1      | Reached skill level 4 in Polearms
  1417 | D:2      | Killed Jessica
  1417 | D:2      | Reached XP level 4. HP: 28/28 MP: 5/5
  1903 | D:2      | Found a radiant altar of Vehumet.
  2381 | D:3      | Reached skill level 5 in Polearms
  2389 | D:3      | Found a snail-covered altar of Cheibriados.
  3294 | D:3      | Reached skill level 1 in Dodging
  3294 | D:3      | Gained mutation: You can fly. [Tengu growth]
  3294 | D:3      | Reached XP level 5. HP: 21/32 MP: 6/6
  4006 | D:2      | Became a worshipper of Vehumet
  4294 | D:4      | Found Roecunyo's Book Boutique.
  4578 | D:4      | Reached XP level 6. HP: 18/37 MP: 4/7
  4686 | D:4      | Killed from afar by an orc priest

Vault maps used:
D:1:      roderic_crop_circles_arrival_small, kennysheep_flooded_box,
          hangedman_decor_points, minmay_misc_feat_pillars
D:2:      nicolae_overflow_hidden_temple, uniq_jessica
D:3:      overflow_temple_1_default, solitary_fountain
D:4:      grunt_temple_overflow_growth_and_decay,
          gammafunk_temple_overflow_claw, serial_shops, nicolae_shop_crystal,
          first_bread

Action                   |  1- 3 |  4- 6 || total
-------------------------+-------+-------++-------
Melee: Trident           |   115 |   161 ||   276
Throw: Stone             |    23 |    56 ||    79
 Abil: Fly               |       |     5 ||     5
  Use: Scroll            |     2 |     1 ||     3
  Eat: Chunk             |     2 |    11 ||    13
